 Dungeon Crawl Stone Soup version 0.19.5 (webtiles) character file.

125 tyranidshit the Skirmisher (level 4, -1/39 HPs)
             Began as a Demonspawn Abyssal Knight on Mar 9, 2017.
             Was a Believer of Lugonu.
             Slain by a gnoll
             ... wielding a +2 spear of piercing
              (2 damage)
             ... on level 3 of the Dungeon.
             The game lasted 00:08:18 (1704 turns).

tyranidshit the Skirmisher (DsAK)                   Turns: 1704, Time: 00:08:20

Health: -1/39      AC:  8    Str: 12 (13) XL:     4   Next: 82%
Magic:  0/5        EV:  9    Int: 13      God:    Lugonu [**....]
Gold:   67         SH:  0    Dex: 12 (13) Spells: 0 memorised, 3 levels left

rFire  . . .     SeeInvis .     a - +2 hand axe
rCold  . . .     Gourm    .     c - +0 scale mail (curse)
rNeg   . . .     Faith    +     (no shield)
rPois  .         Spirit   +     f - +1 helmet
rElec  .         Reflect  .     (no cloak)
rCorr  .         Harm     .     (no gloves)
MR     .....                    (no boots)
Stlth  ..........               h - amulet of faith
                                (no ring)
                                (no ring)

@: no status effects
A: magic shield, magic regeneration, magic link
a: Depart the Abyss, Bend Space, Renounce Religion


You were on level 3 of the Dungeon.
You worshipped Lugonu.
Lugonu was pleased with you.
You were not hungry.

You visited 1 branch of the dungeon, and saw 3 of its levels.
You visited the Abyss 1 time.

You collected 67 gold pieces.

Inventory:

Hand Weapons
 a - a +2 hand axe (weapon)
 e - a +0 short sword
Missiles
 n - 5 tomahawks (quivered)
Armour
 b - a +0 leather armour
 c - a cursed +0 scale mail (worn)
 f - a +1 helmet (worn)
 i - a +0 chain mail
 j - a +1 hat
Jewellery
 h - an amulet of faith (around neck)
Wands
 l - a wand of flame (44/48)
Scrolls
 m - 2 scrolls of amnesia
 o - a scroll of immolation {unknown}
Miscellaneous
 g - a lamp of fire


   Skills:
 + Level 5.6 Fighting
 - Level 1.7 Axes
 - Level 1.7 Armour
 - Level 0.8 Dodging
 - Level 2.4 Invocations


You had 3 spell levels left.
You didn't know any spells.

Dungeon Overview and Level Annotations

Branches:
Dungeon (3/15)

Altars:


Innate Abilities, Weirdness & Mutations

When hurt, damage is shared between your health and your magic reserves.
You regenerate magic rapidly.
When low on magic, you restore magic in place of health.


Message History

The gnoll hits you with a spear of piercing.
The gnoll barely misses you.
You hit the gnoll but do no damage.
The gnoll is severely wounded.
You hit the gnoll but do no damage.
The gnoll hits you but does no damage. x3
You closely miss the gnoll.
The gnoll is severely wounded.
You hit the gnoll. The gnoll hits you!
* * * LOW HITPOINT WARNING * * *
The gnoll hits you with a spear of piercing.
* * * LOW HITPOINT WARNING * * *
You feel better. The gnoll hits you but does no damage.
The gnoll barely misses you.
The gnoll hits you with a spear of piercing.
* * * LOW HITPOINT WARNING * * *
x2
Things that are here:
a hound corpse; a rat corpse The gnoll hits you with a spear of piercing.
* * * LOW HITPOINT WARNING * * *
You die...

## .. .. #. ...
... #. ####.##
...##.# ......#
#...... ......#
....... #........
#%.....##........
#..@)........
#.gg#......#
#.#.#......##
#.#.#........ .
#.>........ ##
##.........
#...####### #.#.#
#.#..#####


You could see 2 gnolls.

Vanquished Creatures
  A hound (D:3)
  2 gnolls (D:2)
  3 adders (D:2)
  A worm (D:2)
  3 leopard geckos
  An orc (D:3)
  2 giant cockroaches (D:2)
  5 goblins
  4 hobgoblins
  5 jackals (D:2)
  3 kobolds
  2 ball pythons (D:2)
  3 bats
  A frilled lizard (D:1)
  6 rats
42 creatures vanquished.

Notes
Turn   | Place    | Note
-------+----------+-------------------------------------------
     0 | Abyss:1  | tyranidshit the Demonspawn Abyssal Knight began the quest for the Orb.
     0 | Abyss:1  | Reached XP level 1. HP: 18/18 MP: 2/2
    29 | Abyss:3  | Found a corrupted altar of Lugonu.
    32 | Abyss:3  | Found a corrupted altar of Lugonu.
    60 | Abyss:3  | Noticed a large abomination
    81 | Abyss:3  | Noticed a small abomination
    89 | Abyss:3  | Noticed a wretched star
    91 | D:1      | Escaped the Abyss
   662 | D:1      | Reached * piety under Lugonu
   662 | D:1      | Gained mutation: When hurt, damage is shared between your health and your magic reserves. [demonic ancestry]
   662 | D:1      | Reached XP level 2. HP: 10/24 MP: 3/3
  1111 | D:2      | Reached skill level 4 in Fighting
  1136 | D:2      | Gained mutation: You regenerate magic rapidly. [demonic ancestry]
  1136 | D:2      | Reached XP level 3. HP: 11/30 MP: 4/4
  1448 | D:2      | Gained mutation: When low on magic, you restore magic in place of health. [demonic ancestry]
  1448 | D:2      | Reached XP level 4. HP: 29/38 MP: 3/5
  1449 | D:2      | Reached ** piety under Lugonu
  1475 | D:2      | Reached skill level 5 in Fighting
  1704 | D:3      | HP: 1/39 [gnoll/spear of piercing (5)]
  1704 | D:3      | Slain by a gnoll

Skill      XL: |  1  2  3  4 |
---------------+-------------+-----
Fighting       | 4 5 |  5.6
Axes           | |  1.7
Armour         | |  1.7
Dodging        | |  0.8
Invocations    | |  2.4

Action                   |  1- 3 |  4- 6 || total
-------------------------+-------+-------++-------
Melee: Hand axe          |   124 |    42 ||   166
Invok: Depart the Abyss  |     1 |       ||     1
Evoke: Wand              |     2 |       ||     2
       Lamp of fire      |     1 |       ||     1
  Use: Scroll            |     9 |     1 ||    10
       Potion            |     2 |     2 ||     4
  Eat: Bread ration      |     1 |       ||     1
Armor: Chain mail        |    83 |       ||    83
       Leather armour    |     6 |       ||     6
       Scale mail        |    18 |    20 ||    38
Dodge: Dodged            |    44 |    19 ||    63
